 Dungeon Crawl Stone Soup version 0.29-a0-1-gf2d273c862 (webtiles) character file.

Game seed: 16072181424135676005

147126 Essalna the Destroyer (level 16, -5/116 HPs)
             Began as a Demonspawn Earth Elementalist on Jan 26, 2022.
             Was the Champion of Hepliaklqana.
             Killed from afar by a frost giant (19 damage)
             ... with a bolt of cold
             ... on level 4 of the Shoals.
             The game lasted 01:26:46 (38438 turns).

Essalna the Destroyer (DsEE)                       Turns: 38438, Time: 01:26:47

Health: -5/116     AC: 14    Str:  8    XL:     16   Next: 61%
Magic:  14/49      EV: 15    Int: 25    God:    Hepliaklqana [******]
Gold:   1990       SH:  8    Dex: 12    Spells: 23/38 levels left

rFire   + + .      SeeInvis +   x - staff of earth
rCold   + + .      Faith    .   R - +3 buckler {rC+}
rNeg    . . .      Spirit   .   G - +2 robe {rF+}
rPois   .          Reflect  .   M - +2 hat {SInv}
rElec   +          Harm     .   I - +0 cloak of Hysteria {+Blink rF+ rC+ Dex-2}
rCorr   .          Rampage  .   (gloves unavailable)
Will    +....                   g - +2 pair of boots {Stlth+}
Stlth   +++.......              V - amulet of regeneration
HPRegen 1.09/turn               d - ring of magical power
MPRegen 0.31/turn               e - ring of magical power

@: very slow
A: reduced essence, claws 3, thin metallic scales 3, demonic guardian 3, demonic
magic 3
}: 1/15 runes: barnacled
a: Renounce Religion, Evoke Blink, Recall Ancestor, Ancestor Identity,
Transference, Idealise


You were on level 4 of the Shoals.
You worshipped Hepliaklqana.
Hepliaklqana was exalted by your worship.
You visited 4 branches of the dungeon, and saw 24 of its levels.
You also visited: Ossuary, Gauntlet and Ice Cave.

You collected 2632 gold pieces.
You spent 642 gold pieces at shops.

Inventory:

Missiles
 c - 1007 stones
Armour
 b - the +3 pair of seven-league boots {Rampage+∞}
   (You found it in a Gauntlet)

   Its wearer moves as far as possible in that direction when moving towards
   enemies.
 g - a +2 pair of boots of stealth (worn)
 k - a +0 kite shield of reflection
 F - the +9 ring mail of the Cockroach {Dex+5}
   (You bought it in a shop on level 2 of the Orcish Mines)

   Dex:       It affects your dexterity (+5).
 G - a +2 robe of fire resistance (worn)
 I - the +0 cloak of Hysteria (worn) {+Blink rF+ rC+ Dex-2}
   (You found it on level 2 of the Shoals)

   Dex:       It affects your dexterity (-2).
   rF:        It protects you from fire.
   rC:        It protects you from cold.
   +Blink:    It lets you blink.
 M - a +2 hat of see invisible (worn)
 R - a +3 buckler of cold resistance (worn)
Magical Staves
 x - a staff of earth (weapon)
 H - a staff of cold
 O - a staff of fire
 T - a staff of death
Jewellery
 d - a ring of magical power (left claw)
 e - a ring of magical power (right claw)
 j - a ring of poison resistance
 l - an amulet of reflection
 m - a ring of ice
 v - a ring of wizardry
 w - the ring "Igue" {Fly rElec Int+3 SInv}
   (You found it on level 4 of the Shoals)

   [ring of see invisible]

   Int:       It affects your intelligence (+3).
   rElec:     It insulates you from electricity.
   SInv:      It lets you see invisible.
   Fly:       It grants you flight.
 K - the ring "Qanule" {Fire Drain rPois Str+4 Int-4 Slay+6}
   (You found it in a Gauntlet)

   [ring of fire]

   It enhances your fire magic.
   Str:       It affects your strength (+4).
   Int:       It affects your intelligence (-4).
   Slay:      It affects your accuracy & damage with ranged weapons and melee
   (+6).
   rF:        It protects you from fire.
   rC:        It makes you vulnerable to cold.
   rPois:     It protects you from poison.
   Drain:     It drains your maximum health when unequipped.
 S - a ring of ice
 U - a ring of see invisible
 V - an amulet of regeneration (around neck)
 X - a ring of fire
 Z - a +4 ring of evasion
Wands
 q - a wand of acid (3)
 E - a wand of digging (13)
 L - a wand of mindburst (11)
 N - a wand of iceblast (17)
Scrolls
 a - 13 scrolls of teleportation
 o - 13 scrolls of identify
 y - 2 scrolls of fog
 A - a scroll of magic mapping
 B - a scroll of amnesia
 C - 2 scrolls of fear
 J - 2 scrolls of blinking
 W - 5 scrolls of enchant armour
 Y - 3 scrolls of silence
Potions
 f - 3 potions of brilliance
 h - 4 potions of attraction
 i - 11 potions of curing
 n - 3 potions of berserk rage
 p - 6 potions of might
 r - 7 potions of mutation
 s - 5 potions of heal wounds
 t - 5 potions of ambrosia
 u - 3 potions of invisibility
 z - 9 potions of resistance
 D - 3 potions of flight
 P - 2 potions of haste
 Q - 3 potions of magic


   Skills:
 - Level 12.4 Fighting
 - Level 4.0 Armour
 - Level 9.0 Dodging
 - Level 8.1 Stealth
 - Level 4.2 Shields
 - Level 11.8 Spellcasting
 - Level 12.5 Conjurations
 - Level 10.9 Necromancy
 - Level 0.8 Transmutations
 + Level 6.8 Ice Magic
 - Level 12.0 Earth Magic


You had 23 spell levels left.
You knew the following spells:

 Your Spells              Type           Power      Damage    Failure   Level
a - Sandblast             Erth           100%       2d20      1%          1
b - Stone Arrow           Conj/Erth      100%       3d13      1%          3
c - Passwall              Tmut/Erth      52%        N/A       1%          2
d - Sublimation of Blood  Necr           62%        N/A       1%          2
e - Ozocubu's Refrigerat  Ice            24%        4d9       95%         7

Your spell library contained the following spells:

 Spells                   Type           Power      Damage    Failure   Level
 Frozen Ramparts          Ice            96%        1d11      1%          3
 Ozocubu's Armour         Ice            48%        N/A       1%          3
 Vampiric Draining        Necr           62%        2d10      1%          3
 Beastly Appendage        Tmut           38%        N/A       3%          1
 Petrify                  Tmut/Erth      63%        N/A       3%          4
 Sting                    Tmut/Pois      64%        1d6       4%          1
 Animate Armour           Summ/Erth      100%       N/A       4%          4
 Leda's Liquefaction      Hex/Erth       30%        N/A       4%          4
 Slow                     Hex            56%        N/A       5%          1
 Wereblood                Tmut           19%        N/A       5%          2
 Blink                    Tloc           28%        N/A       8%          2
 Poisonous Vapours        Pois/Air       28%        N/A       8%          2
 Ice Form                 Ice/Tmut       33%        N/A       11%         4
 Lightning Bolt           Conj/Air       23%        1d38      11%         5
 Spider Form              Tmut/Pois      16%        N/A       13%         3
 Summon Ice Beast         Ice/Summ       31%        N/A       13%         4
 Call Canine Familiar     Summ           14%        N/A       16%         3
 Confusing Touch          Hex            14%        N/A       16%         3
 Gell's Gravitas          Tloc           14%        N/A       16%         3
 Lesser Beckoning         Tloc           14%        N/A       16%         3
 Portal Projectile        Hex/Tloc       28%        N/A       16%         3
 Teleport Other           Tloc           14%        N/A       16%         3
 Simulacrum               Ice/Necr       28%        N/A       21%         6
 Metabolic Englaciation   Hex/Ice        15%        N/A       34%         5
 Airstrike                Air            7%         N/A       45%         4
 Olgreb's Toxic Radiance  Pois           14%        N/A       45%         4
 Summon Lightning Spire   Summ/Air       14%        N/A       45%         4
 Manifold Assault         Tloc           14%        N/A       82%         5
 Lehudib's Crystal Spear  Conj/Erth      42%        10d10     92%         8
 Borgnjor's Revivificati  Necr           31%        N/A       98%         8
 Summon Hydra             Summ           7%         N/A       100%        7
 Ignition                 Fire           7%         3d4       100%        8
 Necromutation            Tmut/Necr      22%        N/A       100%        8
 Death's Door             Necr           31%        N/A       100%        9


Dungeon Overview and Level Annotations

Branches:
Dungeon (12/15)            Temple (0/1) D:4            Lair (6/6) D:11
 Shoals (4/4) Lair:3        Snake (0/4) Lair:4        Slime (0/5) Lair:6
    Orc (2/2) D:9             Elf (0/3) Orc:2       Ossuary (visited)
  IceCv (visited)         Gauntlet (visited)

Altars:
Ashenzari
Dithmenos
Hepliaklqana
Makhleb
Ru
Sif Muna
Uskayaw
Zin
Jiyva

Shops:
D:7 (   D:11 =   Orc:1 =   Orc:2 *?[   Shoals:1 (

Annotations:
Shoals:3 Polyphemus


Innate Abilities, Weirdness & Mutations

Your life essence is reduced to manifest your ancestor. (-10% HP)
You have claws for hands.
You are completely covered in thin metallic scales. (AC +4, rElec)
A powerful demonic guardian rushes to your aid.
Spells you cast and wands you use may paralyse nearby enemies.


Message History

The stone arrow hits the merfolk javelineer!!
You kill the merfolk javelineer!
Malevolent energies surge around you.
Casting: Stone Arrow (safe; 1% risk of failure)
Confirm with . or Enter, or press ? or * to list all spells.
Aiming: Stone Arrow (safe; 1% risk of failure)
Press: ? - help, Shift-Dir - straight line, f - wind drake
Aim: a wind drake (repelling missiles, 38% to hit)
You feel a surge of power!
The stone arrow misses the wind drake.
Malevolent energies surge around you.
The wind drake exhales a fierce blast of wind!
You are blown backwards!
Osbert is blown away by the wind.
Splash!
The frost giant gestures at you while chanting.
The bolt of cold hits you! You resist.
* * * LOW HITPOINT WARNING * * *
A demonic guardian appears!
Casting: Stone Arrow (safe; 1% risk of failure)
Confirm with . or Enter, or press ? or * to list all spells.
Aiming: Stone Arrow (safe; 1% risk of failure)
Press: ? - help, Shift-Dir - straight line, f/p - wind drake
Aim: a wind drake (repelling missiles, ally target, 38% to hit)
You feel a surge of power!
The stone arrow hits the wind drake!
The wind drake is moderately wounded.
Malevolent energies surge around you.
You are engulfed in freezing vapours.
You resist.
* * * LOW HITPOINT WARNING * * *
Your cacodemon is engulfed in freezing vapours.
You swap places.
Splash!
You fall into the shallow water.
Moving in this stuff is going to be slow.
The wind drake flaps its wings at you. The air twists around and strikes you.
* * * LOW HITPOINT WARNING * * *
The frost giant gestures at you while chanting.
The bolt of cold hits Osbert.
Osbert resists.
The bolt of cold hits you!! You resist.
You die...

≈≈≈.≈≈##.≈..≈≈≈≈≈≈≈#######≈≈≈≈≈≈≈
≈≈≈≈≈≈......≈≈≈≈≈≈(≈≈#≈###≈≈≈≈≈≈≈
≈≈≈≈≈≈.....<≈≈≈≈≈≈≈≈(........≈...
≈≈≈≈≈≈.....≈≈≈°C≈≈≈..(...........
≈≈≈≈≈≈≈....≈≈≈≈°≈≈≈).)........)≈≈
≈≈≈≈≈≈≈≈.)≈≈≈≈≈°≈≈............≈≈≈
≈≈≈≈≈≈≈≈≈≈≈≈≈k2≈°≈...........≈≈≈≈
≈≈≈≈≈≈≈≈≈≈≈≈≈≈≈≈R......≈####≈#≈≈≈
≈≈≈≈≈≈≈≈≈≈≈≈≈≈≈≈@.)....#######≈≈≈
≈≈≈≈≈≈≈≈≈≈≈≈≈≈≈≈.....≈##.≈.≈.##≈≈
≈≈≈≈≈≈≈≈≈≈≈≈≈≈........#...≈≈≈≈##≈
≈≈≈≈≈≈≈≈≈≈≈≈≈≈.......##..#≈#≈###≈
≈≈≈≈≈≈≈≈≈≈≈≈≈.........#≈≈..≈≈# #≈
≈≈≈≈≈≈≈≈≈≈≈≈≈.........##.#≈#≈###≈
≈≈≈≈≈≈≈≈≈≈≈≈.....<...##..≈≈≈≈≈##≈
≈≈≈≈.≈≈≈≈≈≈≈≈.....≈..###.≈##≈≈#≈≈
≈≈≈..≈≈.≈≈≈≈≈≈...≈≈≈...#######[≈.


You could see the friendly Osbert the knight, a frost giant (ally target), a
wind drake (repels missiles, ally target) and a friendly cacodemon (summoned).

Vanquished Creatures
  Gastronok (Lair:3)
  A kraken (Shoals:4)
  Donald (Shoals:3)
  An orc warlord (Orc:2)
  Nessos (Orc:2)
  A dire elephant (Lair:6)
  A minotaur (Gauntlet)
  4 merfolk javelineers
  Harold (D:10)
  2 hydras
  A boulder beetle (D:12)
  A catoblepas (Shoals:3)
  5 merfolk aquamancers
  A death knight (D:12)
  2 satyrs (Shoals:3)
  2 two-headed ogres (D:10)
  An orc high priest (Orc:2)
  2 death yaks (Shoals:3)
  Urug (Orc:2)
  Sonja (Lair:5)
  A wretched star (Gauntlet)
  A skeletal warrior (D:12)
  7 sea snakes
  3 swamp dragons (Lair:5)
  A death drake (Gauntlet)
  A deep elf archer (D:12)
  A phantasmal warrior (D:12)
  A necromancer (IceCv)
  A lindwurm (Lair:6)
  10 harpies
  3 orc knights (Orc:2)
  11 fauns
  An oklob plant (D:11)
  A wolf spider (D:12)
  9 orc sorcerers (Orc:2)
  10 manticores
  An ice statue (IceCv)
  3 cyclopes
  6 elephants
  3 black mambas
  6 merfolk sirens
  5 water nymphs
  2 gargoyles
  9 cane toads
  A kobold demonologist (D:10)
  4 freezing wraiths
  8 komodo dragons
  An anaconda simulacrum (IceCv)
  7 rime drakes
  10 ice devils (IceCv)
  A polar bear (shapeshifter) (D:12)
  14 merfolk
  3 polar bears
  2 hornets
  Grinder (D:6)
  9 dream sheep
  9 snapping turtles
  2 slime creatures (D:12)
  4 wind drakes
  16 blink frogs
  A meliai zombie (D:10)
  A vampire (D:11)
  23 yaks
  3 wyverns
  Eustachio (D:5)
  3 wraiths
  12 water elementals
  Menkaure (D:7)
  3 death yak simulacra (IceCv)
  3 steam dragons
  2 vampire mosquitoes (D:11)
  3 wargs
  3 acid dragons
  A harpy simulacrum (IceCv)
  7 water moccasins
  An ice beast (D:5)
  17 orc warriors
  5 ogres
  6 wolves
  5 centaurs
  A phantom (D:5)
  An elf zombie (Ossuary)
  11 bullfrogs
  A wyvern zombie (D:8)
  A scorpion (D:6)
  A water moccasin zombie (D:5)
  2 cane toad simulacra (IceCv)
  A water moccasin skeleton (D:5)
  4 elephant simulacra (IceCv)
  22 killer bees
  5 wights (D:6)
  2 howler monkeys
  An electric eel (Lair:6)
  A bullfrog zombie (D:5)
  A centaur skeleton (D:6)
  A lava snake (D:9)
  4 crimson imps (Gauntlet)
  7 centaur zombies
  6 hounds
  Crazy Yiuf (D:3)
  A bullfrog skeleton (D:7)
  2 jellies
  2 human zombies (Ossuary)
  2 iguanas
  17 orc priests
  Terence (D:3)
  16 orc wizards
  A spriggan simulacrum (IceCv)
  A troll simulacrum (IceCv)
  3 polar bear simulacra (IceCv)
  4 wolf simulacra (IceCv)
  3 mummies (Ossuary)
  3 gnolls (D:7)
  A howler monkey skeleton (D:6)
  6 adders
  2 shadow imps (D:6)
  2 white imps (IceCv)
  An ufetubus (D:4)
  7 adder zombies (Ossuary)
  An adder skeleton (D:4)
  2 worms
  44 orcs
  10 endoplasms
  4 giant cockroaches
  A gnoll zombie (Ossuary)
  4 goblins
  11 hobgoblins
  2 jackals (D:5)
  7 kobolds
  4 quokkas (D:2)
  6 ball pythons
  4 bats
  2 frilled lizards
  3 goblin zombies (Ossuary)
  A hobgoblin zombie (Ossuary)
  5 jackal zombies (Ossuary)
  6 kobold zombies (Ossuary)
  A quokka zombie (Ossuary)
  7 rats
  4 rat zombies (Ossuary)
  A butterfly (Lair:3)
  6 tentacles
606 creatures vanquished.

Vanquished Creatures (collateral kills)
  A kraken (Shoals:3)
  Fannar (Orc:1)
  3 merfolk impalers (Shoals:4)
  2 hydras
  A centaur warrior (D:12)
  2 merfolk aquamancers (Shoals:3)
  3 merfolk avatars
  A catoblepas (Lair:4)
  2 death yaks (Shoals:3)
  2 satyrs
  2 alligator snapping turtles
  2 orc high priests (Orc:2)
  4 sea snakes
  4 harpies
  2 orc knights
  A spectral wolf spider (Gauntlet)
  An ugly thing (D:12)
  7 fauns
  2 cyclopes
  2 manticores (Shoals:4)
  3 slime creatures (D:12)
  A black mamba (Lair:5)
  3 elephants
  3 merfolk sirens
  2 centaur zombies (D:11)
  A smoke demon (Gauntlet)
  A water nymph (Shoals:4)
  2 freezing wraiths (IceCv)
  Psyche (D:8)
  3 komodo dragons
  2 rime drakes
  An anaconda simulacrum (IceCv)
  7 merfolk
  A polar bear (Lair:6)
  5 wind drakes
  3 blink frogs
  3 dream sheep
  3 snapping turtles
  4 water elementals
  A wyvern (Lair:6)
  2 dire elephant simulacra (IceCv)
  A wraith (D:12)
  A neqoxec (Gauntlet)
  10 yaks
  2 steam dragons
  A death yak simulacrum (IceCv)
  2 small abominations (Gauntlet)
  3 harpy simulacra (IceCv)
  2 water moccasins
  5 orc warriors
  6 wolves
  An elf zombie (Ossuary)
  A gnoll sergeant (D:7)
  A two-headed ogre simulacrum (IceCv)
  A cane toad simulacrum (IceCv)
  An elephant simulacrum (IceCv)
  An orc wizard (Orc:2)
  A troll simulacrum (IceCv)
  A wolf simulacrum (IceCv)
  A hound skeleton (D:4)
  A howler monkey zombie (D:8)
  3 orcs
  An endoplasm (D:4)
  2 hobgoblins (D:4)
  A kobold zombie (Ossuary)
  2 tentacles (Shoals:4)
149 creatures vanquished.

Vanquished Creatures (others)
  A merfolk aquamancer (Shoals:4)
  A rime drake (Lair:6)
  12 knights
  An orc (Orc:2)
  5 demonic plants (Gauntlet)
  24 fungi
  105 plants
  14 tentacles
  2 withered plants (Gauntlet)
165 creatures vanquished.

Grand Total: 920 creatures vanquished

Notes
Turn   | Place    | Note
-------+----------+-------------------------------------------
     0 | D:1      | Essalna the Demonspawn Earth Elementalist began the quest
                  | for the Orb.
     0 | D:1      | Reached XP level 1. HP: 13/13 MP: 3/3
   527 | D:1      | Gained mutation: You are partially covered in thin metallic
                  | scales. (AC +2) [demonic ancestry]
   527 | D:1      | Reached XP level 2. HP: 19/19 MP: 5/5
  1304 | D:2      | Gained mutation: Spells you cast may paralyse adjacent
                  | enemies. [demonic ancestry]
  1304 | D:2      | Reached XP level 3. HP: 24/24 MP: 7/7
  1339 | D:2      | Learned a level 3 spell: Stone Arrow
  1342 | D:2      | Learned a level 2 spell: Passwall
  1998 | D:2      | Reached skill level 1 in Conjurations
  1998 | D:2      | Reached XP level 4. HP: 24/30 MP: 8/8
  2660 | D:3      | Gained mutation: You are mostly covered in thin metallic
                  | scales. (AC +3) [demonic ancestry]
  2660 | D:3      | Reached XP level 5. HP: 27/36 MP: 9/9
  2745 | D:3      | Reached skill level 1 in Fighting
  2779 | D:3      | Noticed Terence
  2790 | D:3      | Killed Terence
  3119 | D:3      | Found a hazy altar of Hepliaklqana.
  3151 | D:3      | Became a worshipper of Hepliaklqana the Forgotten
  3681 | D:3      | Found a runed translucent door.
  3682 | D:3      | Noticed Crazy Yiuf
  3690 | D:3      | Killed Crazy Yiuf
  3846 | D:4      | Reached * piety under Hepliaklqana
  3852 | D:4      | Noticed an acid dragon
  3965 | D:4      | Found a staircase to the Ecumenical Temple.
  4078 | D:4      | Reached XP level 6. HP: 39/39 MP: 11/11
  4613 | D:5      | Entered Level 5 of the Dungeon
  4619 | D:5      | Found a burning altar of Makhleb.
  4620 | D:5      | Noticed an ice beast
  4629 | D:5      | Killed an ice beast
  4630 | D:5      | Gained mutation: You are completely covered in thin
                  | metallic scales. (AC +4, rElec) [demonic ancestry]
  4630 | D:5      | Reached XP level 7. HP: 45/45 MP: 10/12
  4730 | D:5      | Found a shadowy altar of Dithmenos.
  5788 | D:5      | Noticed Eustachio
  5797 | D:5      | Killed Eustachio
  5798 | D:5      | Reached skill level 5 in Earth Magic
  5798 | D:5      | Gained mutation: You have sharp fingernails. [demonic
                  | ancestry]
  5798 | D:5      | Reached XP level 8. HP: 49/52 MP: 1/14
  6041 | D:6      | Identified a scroll of acquirement
  6041 | D:6      | Acquired a +2 pair of boots of stealth
  6193 | D:6      | Found a sand-covered staircase.
  6207 | Ossuary  | Entered an ossuary
  6474 | Ossuary  | Reached skill level 5 in Spellcasting
  7321 | Ossuary  | Reached skill level 5 in Stealth
  7585 | D:6      | Reached ** piety under Hepliaklqana
  7586 | D:6      | Remembered your ancestor Osbert as a knight
  7856 | D:6      | Reached XP level 9. HP: 59/59 MP: 17/17
  7977 | D:6      | Reached skill level 5 in Conjurations
  8007 | D:6      | Found a sacrificial altar of Ru.
  8011 | D:6      | Found a broken altar of Ashenzari.
  8057 | D:6      | Noticed Grinder
  8062 | D:6      | Killed Grinder
  8063 | D:6      | Reached skill level 5 in Fighting
  8371 | D:7      | Found Ylakh's Weapon Emporium.
  8376 | D:7      | Noticed Menkaure
  8379 | D:7      | Killed Menkaure
  9503 | D:8      | Reached *** piety under Hepliaklqana
  9689 | D:8      | Noticed Psyche
  9728 | D:8      | Killed Psyche
  9729 | D:8      | Gained mutation: A weak demonic guardian rushes to your
                  | aid. [demonic ancestry]
  9729 | D:8      | Reached XP level 10. HP: 54/68 MP: 18/19
 10660 | D:9      | Found a hide-covered altar of Uskayaw.
 11359 | D:9      | Reached **** piety under Hepliaklqana
 11373 | D:9      | Found a staircase to the Orcish Mines.
 11830 | D:9      | Found a shimmering blue altar of Sif Muna.
 11900 | D:10     | Entered Level 10 of the Dungeon
 11920 | D:10     | Noticed a two-headed ogre
 11924 | D:10     | Killed a two-headed ogre
 12224 | D:10     | Noticed Harold
 12233 | D:10     | Killed Harold
 12659 | D:10     | Gained mutation: You have very sharp fingernails. [demonic
                  | ancestry]
 12659 | D:10     | Reached XP level 11. HP: 75/75 MP: 18/22
 12972 | D:10     | Noticed a two-headed ogre
 12975 | D:10     | Killed a two-headed ogre
 13391 | D:11     | Reached ***** piety under Hepliaklqana
 13617 | D:11     | Learned a level 2 spell: Sublimation of Blood
 13624 | D:11     | Found a staircase to the Lair.
 13628 | D:11     | Noticed an oklob plant
 13645 | D:11     | Found a frozen archway.
 13661 | IceCv    | Entered an ice cave
 13665 | IceCv    | Reached skill level 1 in Necromancy
 13938 | IceCv    | Reached skill level 1 in Armour
 14713 | IceCv    | Noticed a necromancer
 14718 | IceCv    | Killed a necromancer
 14719 | IceCv    | Reached skill level 1 in Shields
 14949 | IceCv    | Gained mutation: You have claws for hands. [demonic
                  | ancestry]
 14949 | IceCv    | Reached XP level 12. HP: 84/84 MP: 23/24
 15041 | IceCv    | Found an ancient bone altar of Kikubaaqudgha.
 15707 | D:11     | Found Piptine's Jewellery Emporium.
 15710 | D:11     | Bought an amulet of regeneration for 390 gold pieces
 15998 | Lair:1   | Entered Level 1 of the Lair of Beasts
 16070 | Lair:1   | Identified the +2 robe of Sadgh {Stlth+}
 18121 | Lair:3   | Found a staircase to the Shoals.
 18272 | Lair:3   | Reached skill level 5 in Necromancy
 18442 | Lair:3   | You fall into a shaft and drop 1 floor!
 18648 | Lair:4   | Noticed a catoblepas
 18657 | Lair:4   | Killed a catoblepas
 19004 | Lair:3   | Noticed an eight-headed hydra
 19011 | Lair:3   | Killed an eight-headed hydra
 19178 | Lair:3   | Noticed Gastronok
 19188 | Lair:3   | Killed Gastronok
 19189 | Lair:3   | Gained mutation: Spells you cast may paralyse nearby
                  | enemies. [demonic ancestry]
 19189 | Lair:3   | Reached XP level 13. HP: 90/90 MP: 10/26
 19398 | Lair:3   | Reached ****** piety under Hepliaklqana
 19898 | Lair:4   | Reached skill level 5 in Dodging
 20372 | Lair:4   | Found a staircase to the Snake Pit.
 21026 | Lair:5   | Found a gate leading to a gauntlet.
 21031 | Gauntlet | Entered a Gauntlet
 21031 | Gauntlet | Found a transporter.
 21031 | Gauntlet | Found a transporter.
 21035 | Gauntlet | Found a transporter.
 21035 | Gauntlet | Found a transporter.
 21038 | Gauntlet | Found a transporter.
 21060 | Gauntlet | Found a transporter.
 21063 | Gauntlet | Found a transporter.
 21116 | Gauntlet | Found a transporter.
 21116 | Gauntlet | Found a transporter.
 21117 | Gauntlet | Found a transporter.
 21121 | Gauntlet | Noticed an entropy weaver
 21129 | Gauntlet | Found a transporter.
 21146 | Gauntlet | Found a transporter.
 21156 | Gauntlet | Found a transporter.
 21161 | Gauntlet | Found a transporter.
 21193 | Gauntlet | Found the +3 pair of seven-league boots {Rampage+∞}
 21512 | Gauntlet | Identified the +0 hat of Perfidy {rElec rC+ Int-3}
 21654 | Gauntlet | Noticed a minotaur
 21659 | Gauntlet | Killed a minotaur
 21714 | Gauntlet | Identified the ring "Qanule" {Fire Drain rPois Str+4 Int-4
                  | Slay+6}
 22235 | Lair:5   | Reached skill level 10 in Conjurations
 22361 | Lair:5   | Noticed Sonja
 22365 | Lair:5   | Killed Sonja
 22656 | Lair:5   | Found a transporter.
 22782 | Lair:5   | Found a transporter.
 22838 | Lair:6   | Entered Level 6 of the Lair of Beasts
 22849 | Lair:6   | Reached skill level 10 in Fighting
 23128 | Lair:6   | Found a viscous altar of Jiyva.
 23131 | Lair:6   | Found a staircase to the Slime Pits.
 23214 | Lair:6   | Reached skill level 10 in Earth Magic
 23544 | Lair:6   | Gained mutation: Spells you cast and wands you use may
                  | paralyse nearby enemies. [demonic ancestry]
 23544 | Lair:6   | Reached XP level 14. HP: 99/99 MP: 18/27
 24089 | Lair:6   | Reached skill level 10 in Spellcasting
 26984 | Orc:1    | Entered Level 1 of the Orcish Mines
 27011 | Orc:1    | Found Fygg's Jewellery Shoppe.
 27102 | Orc:1    | Noticed Fannar
 27112 | Orc:1    | Killed Fannar
 27338 | Orc:2    | Entered Level 2 of the Orcish Mines
 27354 | Orc:2    | Noticed Urug
 27363 | Orc:2    | Killed Urug
 27806 | Orc:2    | Found a staircase to the Elven Halls.
 28103 | Orc:2    | Noticed Nessos
 28110 | Orc:2    | Killed Nessos
 28150 | Orc:2    | Noticed an orc warlord
 28960 | Orc:2    | Killed an orc warlord
 29257 | Orc:2    | Found Cumamyin's Antique Armour Shop.
 29653 | Orc:2    | Gained mutation: A demonic guardian rushes to your aid.
                  | [demonic ancestry]
 29653 | Orc:2    | Reached XP level 15. HP: 106/107 MP: 4/29
 30105 | Orc:2    | Found Zilor's General Store.
 30211 | Orc:2    | Found Nuag's General Store.
 30216 | Orc:2    | Found Mearomm's Magic Scroll Shoppe.
 30305 | Orc:2    | Bought a smoking ring mail for 252 gold pieces
 30305 | Orc:2    | Identified the +9 ring mail of the Cockroach {Dex+5} (You
                  | bought it in a shop on level 2 of the Orcish Mines)
 30533 | Shoals:1 | Entered Level 1 of the Shoals
 30533 | Shoals:1 | Found Peralu's Antique Weapon Emporium.
 32669 | Shoals:2 | Reached skill level 10 in Necromancy
 32674 | Shoals:2 | Identified the +0 cloak of Hysteria {+Blink rF+ rC+ Dex-2}
 33927 | Shoals:3 | Noticed Polyphemus
 34353 | Shoals:3 | Noticed a kraken
 34371 | Shoals:3 | HP: 3/108 [tentacle[a kraken] (11)]
 34371 | Shoals:3 | Killed a kraken
 34753 | Shoals:3 | Noticed Donald
 34762 | Shoals:4 | Entered Level 4 of the Shoals
 34917 | Shoals:4 | Gained mutation: A powerful demonic guardian rushes to your
                  | aid. [demonic ancestry]
 34917 | Shoals:4 | Reached XP level 16. HP: 104/114 MP: 15/31
 35240 | Shoals:4 | Noticed a kraken
 35343 | Shoals:3 | Killed Donald
 36489 | Shoals:4 | Reached skill level 1 in Ice Magic
 37048 | Shoals:4 | Killed a kraken
 37397 | Shoals:4 | Reached skill level 5 in Ice Magic
 37667 | Shoals:3 | Learned a level 7 spell: Ozocubu's Refrigeration
 38098 | Shoals:4 | Got a barnacled rune of Zot
 38334 | Shoals:4 | Identified the ring "Igue" {Fly rElec Int+3 SInv}
 38438 | Shoals:4 | Killed from afar by a frost giant

Illustrated notes

Levels and vault maps discovered:
D:1:      psy_arrival_radial01, layout_basic, chequers_serial_rivers_small_3
D:2:      layout_loops_ring, columned_hall_lemuel, nicolae_elevator_lobby_plus
D:3:      layout_basic, lemuel_coloured_pillars_altar, uniq_terence,
          uniq_crazy_yiuf_cottage
D:4:      layout_basic, minmay_temple_entry_poolview, minmay_between
D:5:      layout_rooms, grunt_temple_overflow_open, uniq_eustachio
D:6:      layout_basic, grunt_temple_overflow_diamond, enter_ossuary_1,
          lemuel_flamethrower_2, uniq_grinder
D:7:      layout_rooms, serial_shops, nicolae_shop_bloodbath_and_beyond,
          grunt_decor_mini_mirrors, uniq_menkaure
D:8:      layout_gridville, uniq_psyche
D:9:      layout_long_grid, nicolae_uskayaw_suspiria, tgw_sif,
          david_orc_1_choice, kennysheep_nondescript, due_unseen_surprise
D:10:     layout_basic, uniq_harold
D:11:     layout_rooms, dpeg_oklobed_lair, serial_shops,
          nicolae_shop_behind_doors, portal_ice_cave_rime
D:12:     minmay_dotted_concentric_squares, layout_basic
Lair:1:   layout_roguey
Lair:2:   layout_hall_layers
Lair:3:   layout_regular_city, minmay_shoals_entry_centaurs,
          lemuel_fruit_fields, uniq_gastronok
Lair:4:   layout_regular_city, dummy_snake_entry, hibernation_bobbens
Lair:5:   gammafunk_cloud_chamber, layout_loops_ring, gauntlet_entry_generic,
          uniq_sonja
Lair:6:   gammafunk_lair_ancient_temple, layout_regular_city, slime_altar_1,
          serial_bayou_shore_a
Shoals:1: layout_shoals, serial_shops, nicolae_shop_overgrown_old_shop,
          nicolae_shoals_drake_roost
Shoals:2: layout_shoals, nicolae_shoals_square_sea_wall
Shoals:3: layout_shoals, nicolae_shoals_spring_well_temple, uniq_donald,
          uniq_polyphemus
Shoals:4: shoals_end_grunt_ice, layout_shoals
Orc:1:    layout_caves, serial_shops, nicolae_shop_behind_doors, uniq_fannar
Orc:2:    st_orc_elflike, layout_diamond_mine, uniq_nessos, uniq_urug

Skill      XL: |  1  2  3  4  5  6  7  8  9 10 11 12 13 14 15 16 |
---------------+-------------------------------------------------+-----
Earth Magic    | 3 4 5 6 7 8 9 10 11 12 | 12.0
Spellcasting   | 3 4 5 6 7 8 9 10 11 | 11.8
Conjurations   | 1 2 3 4 6 7 8 9 10 11 12 | 12.5
Stealth        | 2 3 4 5 6 7 8 |  8.1
Fighting       | 1 2 3 4 6 7 8 9 10 11 12 | 12.4
Dodging        | 3 4 6 7 8 9 |  9.0
Necromancy     | 3 5 7 9 10 | 10.9
Armour         | 2 4 |  4.0
Shields        | 1 3 4 |  4.2
Ice Magic      | 6 |  6.8
Transmutations | |  0.8

Action                   |  1- 3 |  4- 6 |  7- 9 | 10-12 | 13-15 | 16-18 || total
-------------------------+-------+-------+-------+-------+-------+-------++-------
Melee: Unarmed           |    31 |       |       |       |       |       ||    31
       Punch             |     1 |     1 |       |       |       |       ||     2
       Whip              |    21 |    89 |       |       |       |       ||   110
       Dagger            |       |     4 |       |       |       |       ||     4
       Staff             |       |       |    13 |    14 |    30 |     9 ||    66
 Cast: Sandblast         |    53 |    67 |    11 |     9 |    17 |     5 ||   162
       Stone Arrow       |       |     1 |   160 |   356 |   783 |   229 ||  1529
       Passwall          |       |       |       |       |     5 |       ||     5
       Sublimation of Bl |       |       |       |       |     7 |       ||     7
Invok: Ancestor Life: Kn |       |       |     1 |       |       |       ||     1
       Recall Ancestor   |       |       |     2 |     1 |     3 |       ||     6
 Abil: Evoke Blink       |       |       |       |       |       |     3 ||     3
Evoke: Wand              |       |       |       |       |     2 |       ||     2
  Use: Scroll            |       |       |     7 |       |    24 |     2 ||    33
 Stab: Sleeping          |     3 |     4 |       |       |     1 |       ||     8
       Paralysed         |       |    13 |     3 |     4 |     3 |       ||    23
       Distracted        |       |       |       |     1 |       |       ||     1
Armor: Robe              |    14 |    30 |    15 |    18 |    82 |    16 ||   175
Dodge: Dodged            |    49 |    62 |    26 |    30 |   228 |    44 ||   439
Block: Buckler           |       |       |       |     4 |   106 |    14 ||   124

Table legend: (Time is in decaauts)
 A = Elapsed time spent in this place.
 B = Non-inter-level travel time spent in this place.
 C = Inter-level travel time spent in this place.
 D = Time resting spent in this place.
 E = Time spent auto-exploring this place.
 F = Levels seen in this place.
 G = Mean time per level.
                   A        B        C        D        E       F      G
               +--------+--------+--------+--------+--------+-----+--------+
         Total |  38834 |  37095 |   1739 |    659 |  31196 |  27 | 1438.3 |
       Dungeon |  14532 |  13909 |    623 |    301 |  11875 |  12 | 1211.0 |
          Lair |   8856 |   8335 |    521 |      0 |   7412 |   6 | 1476.0 |
        Shoals |   8211 |   7811 |    400 |    284 |   6184 |   4 | 2052.8 |
  Orcish Mines |   3455 |   3261 |    194 |     74 |   2627 |   2 | 1727.5 |
       Ossuary |   1204 |   1204 |      0 |      0 |   1060 |   1 | 1204.0 |
      Ice Cave |   1809 |   1809 |      0 |      0 |   1530 |   1 | 1809.0 |
      Gauntlet |    764 |    764 |      0 |      0 |    507 |   1 |  764.0 |
               +--------+--------+--------+--------+--------+-----+--------+

Top non-repeatable levels by time:
   Orc:2: 2757 daAuts
Shoals:4: 2340 daAuts
  Lair:6: 2293 daAuts
Shoals:3: 2281 daAuts
Shoals:1: 1876 daAuts
   IceCv: 1809 daAuts
Shoals:2: 1712 daAuts
     D:9: 1640 daAuts
  Lair:4: 1584 daAuts
    D:10: 1475 daAuts
  Lair:5: 1446 daAuts
     D:3: 1423 daAuts
  Lair:2: 1414 daAuts
     D:4: 1347 daAuts
  Lair:3: 1314 daAuts
